Map: White Rabbit LE

Players

DRMxTOF

  • Race: Terran Terran
  • League: Platinum
  • Spawn Location: 1:00

HoldTheDoor - Winner!

  • Race: Protoss Protoss
  • League: Diamond
  • Spawn Location: 7:00

VOD

Have the link to the VOD?

Description

Time

  • Played on: May 2, 2026, 1:36 p.m.
  • Length: 3:11
Show
View Real Time Build Order
Export as new Build Order

DRMxTOF Terran 

Build Orders:  

Get SALT Encoding   

  12  0:00  SCV  
  13  0:12  SCV  
  14  0:18  Supply Depot  
  14  0:25  SCV  
  15  0:39  SCV  
  15  0:41  Barracks  
  16  0:45  Refinery  
  16  0:51  SCV  
  16  0:53  Refinery  
  17  1:03  SCV  
  18  1:15  SCV  
  19  1:53  Bunker  
  19  2:02  SCV, Factory  
  19  2:07  Marine  
  21  2:14  SCV  
  19  2:25  Marine  
  18  2:38  SCV  
Show
View Real Time Build Order
Export as new Build Order

HoldTheDoor Protoss - Winner!

Build Orders: Cannon Rush 

Get SALT Encoding   

  12  0:00  Probe  
  13  0:12  Probe  
  14  0:18  Pylon  
  14  0:24  Probe  
  15  0:36  Forge  
  15  0:40  Probe  
  16  0:52  Probe, Pylon  
  17  1:04  Probe  
  17  1:07  Pylon  
  18  1:14  Photon Cannon  
  18  1:25  Pylon  
  18  1:29  Pylon  
  18  1:33  Probe  
  18  1:45  Probe  
  19  1:49  Photon Cannon  
  19  1:51  Photon Cannon  
  19  1:59  Photon Cannon  
  19  2:03  Probe  
  20  2:13  Photon Cannon  
  20  2:25  Photon Cannon  
  20  2:30  Pylon  
  20  2:43  Photon Cannon x2  
  20  2:51  Photon Cannon  
  20  2:54  Photon Cannon  
Tags
 
Add a new tag
Caveats
  • Supply blocks, unpowered buildings, or Contaminate may cause inaccurate times.
  • Supply counts are checked every 10 seconds.